 Dungeon Crawl Stone Soup version 0.21.1-1-g345015fe64 (webtiles) character file.

147 NullDivider the Sneak (level 5, -7/36 HPs)
             Began as an Octopode Assassin on May 9, 2018.
             Mangled by an orc warrior
             ... wielding a +0 short sword
              (20 damage)
             ... on level 2 of the Dungeon.
             The game lasted 00:08:10 (2684 turns).

NullDivider the Sneak (Octopode Assassin)           Turns: 2684, Time: 00:08:11

Health: -7/36      AC:  1    Str: 10    XL:     5   Next: 29%
Magic:  5/5        EV: 14    Int: 13    God:
Gold:   94         SH:  0    Dex: 15    Spells: 4/4 levels left

rFire    . . .     SeeInvis .   a - +2 dagger
rCold    . . .     Gourm    .   (no shield)
rNeg     . . .     Faith    .   (helmet restricted)
rPois    .         Spirit   .   (no amulet)
rElec    .         Reflect  .   (no ring)
rCorr    .         Harm     .   (no ring)
MR       .....                  (no ring)
Stlth    ++++......             (no ring)
HPRegen  0.12/turn              (no ring)
MPRegen  0.09/turn              (no ring)
                                (no ring)
                                (no ring)

@: no status effects
A: almost no armour, stealthy swim, amphibious, 8 rings, constrict 8, camouflage
1, gelatinous body 1
a: no special abilities


You were on level 2 of the Dungeon.
You were not hungry.

You visited 1 branch of the dungeon, and saw 3 of its levels.

You collected 94 gold pieces.

Inventory:

Hand Weapons
 a - a +2 dagger (weapon)
 b - a +0 blowgun
Missiles
 c - 18 poisoned needles
 d - 2 curare-tipped needles
Scrolls
 e - a scroll of amnesia {unknown}
 h - a scroll of enchant weapon {unknown}
 i - 2 scrolls of remove curse {unknown}
 k - 2 scrolls of immolation {unknown}
 m - 2 scrolls of teleportation {unknown}
Potions
 g - a potion of heal wounds {unknown}
 j - a potion of invisibility {unknown}
 l - a potion of resistance {unknown}
 n - a potion of ambrosia {unknown}
 o - 2 potions of flight {unknown}
 p - a potion of might {unknown}
 q - a potion of brilliance {unknown}
 r - a potion of curing
Comestibles
 f - 7 rations
 s - a chunk of flesh


   Skills:
 * Level 3.1 Fighting
 * Level 3.0 Short Blades
 + Level 2.4 Throwing
 * Level 2.6 Dodging
 + Level 5.9 Stealth


You had 4 spell levels left.
You didn't know any spells.

Dungeon Overview and Level Annotations

Branches:
Dungeon (3/15)

Altars:
Dithmenos
Hepliaklqana


Innate Abilities, Weirdness & Mutations

You cannot wear most types of armour.
You are very stealthy in the water. (Stealth+)
You are amphibious.
You can wear up to eight rings at the same time.
You can use your tentacles to constrict eight enemies at once.
Your skin changes colour to match your surroundings (Stealth+).
Your rubbery body absorbs attacks. (AC +1, EV +1)


Message History

The orc wizard casts a spell.
The orc wizard blinks!
The orc warrior misses you.
You barely miss the orc warrior.
You constrict the orc warrior, but do no damage.
You hit the orc warrior but do no damage.
You constrict the orc warrior, but do no damage.
The orc warrior misses you.
You hit the orc warrior.
The orc warrior is lightly wounded.
You constrict the orc warrior.
The orc warrior hits you with a short sword!
You release your grip on the orc warrior.
The orc wizard mumbles some strange words.
The orc wizard blinks!
The orc warrior hits you with a short sword.
You climb upwards.
There is a stone staircase leading down here.
The orc warrior hits you with a short sword!!
Ouch! That really hurt!
You die...

################ ######
##....#.........# #....#
......#.........# #....#
......#.........# #....#
......#........># #....#
#.....#.........###....####
#.#####..<......@o........#
................###...###.#
................# #...'.#.#
.......##...###.# #...#.#.#
.......##...###.###...#.#.#
.....................>....#
..............######....####
..###.........# #.........#
######........# #.........#


You could see an orc warrior.

Vanquished Creatures
  Terence (D:2)
  3 gnolls
  4 adders
  2 dart slugs
  5 leopard geckos
  2 orcs (D:3)
  2 bats
  3 goblins (D:1)
  7 hobgoblins
  4 jackals (D:2)
  A frilled lizard (D:3)
  8 kobolds
  5 rats
47 creatures vanquished.

Notes
Turn   | Place    | Note
-------+----------+-------------------------------------------
     0 | D:1      | NullDivider the Octopode Assassin began the quest for the Orb.
     0 | D:1      | Reached XP level 1. HP: 14/14 MP: 1/1
   250 | D:1      | Reached XP level 2. HP: 14/19 MP: 2/2
   878 | D:2      | Reached XP level 3. HP: 25/25 MP: 3/3
   996 | D:2      | Reached XP level 4. HP: 10/30 MP: 4/4
  1031 | D:2      | Noticed Terence
  1925 | D:2      | Killed Terence
  1925 | D:2      | Reached XP level 5. HP: 21/36 MP: 5/5
  2606 | D:3      | Found a hazy altar of Hepliaklqana.
  2609 | D:3      | Found a shadowy altar of Dithmenos.
  2650 | D:3      | Noticed an orc warrior
  2684 | D:2      | Mangled by an orc warrior

Skill      XL: |  1  2  3  4  5 |
---------------+----------------+-----
Dodging        | 2 |  2.6
Fighting       | 3 |  3.1
Short Blades   | 3 |  3.0
Throwing       | |  2.4
Stealth        | |  5.9

Action                   |  1- 3 |  4- 6 || total
-------------------------+-------+-------++-------
Melee: Dagger            |    49 |    55 ||   104
       Constrict         |    14 |    13 ||    27
       Tentacles         |     4 |    13 ||    17
 Fire: Blowgun           |       |     7 ||     7
  Use: Potion            |     2 |       ||     2
 Stab: Sleeping          |     8 |    10 ||    18
  Eat: Chunk             |       |     5 ||     5
Armor: Skin              |     1 |     1 ||     2
Dodge: Dodged            |    25 |    28 ||    53
